 Dungeon Crawl Stone Soup version 0.31-a0-233-g139696dc86 (webtiles) character file.

Game seed: 9584460143463077852

67 qw the Shooter (level 4, 0/36 HPs)
             Began as a Minotaur Hexslinger on July 9, 2023.
             Slain by a phantom (1 damage)
             ... on level 2 of the Dungeon.
             The game lasted 00:00:28 (1219 turns).

qw the Shooter (Minotaur Hexslinger)                Turns: 1219, Time: 00:00:29

Health: 0/36       AC:  5    Str: 12    XL:     4   Next: 0%
Magic:  4/4        EV: 11    Int: 10    God:
Gold:   76         SH:  0    Dex: 15    Spells: 4/5 levels left

rFire   . . .        Y - +1 sling
rCold   . . .        (no shield)
rNeg    . . .        g - +0 ring mail
rPois   .            (helmet restricted)
rElec   .            (no cloak)
rCorr   .            (no gloves)
SInv    .            (no boots)
Will    .....        (no amulet)
Stlth   +            (no ring)
HPRegen 0.26/turn    (no ring)
MPRegen 0.09/turn

%: no passive effects
@: no status effects
A: horns 2, retaliatory headbutt
a: no special abilities


You were on level 2 of the Dungeon.
You visited 1 branch of the dungeon, and saw 2 of its levels.

You collected 76 gold pieces.


Innate Abilities, Weirdness & Mutations

You have a pair of horns on your head.
You reflexively headbutt those who attack you in melee.


   Skills:
 - Level 2.0 Fighting
 + Level 4.3 Ranged Weapons
 - Level 1.0 Armour
 - Level 2.1 Dodging
 - Level 1.0 Spellcasting
 - Level 2.0 Hexes


You had 4 spell levels left.
You knew the following spells:

 Your Spells              Type           Power      Damage    Failure   Level
a - Slow                  Hex            16%        N/A       34%         1

Your spell library contained the following spells:

 Spells                   Type           Power      Damage    Failure   Level
 Inner Flame              Hex/Fire       2%         N/A       83%         3
 Portal Projectile        Hex/Tloc       4%         N/A       83%         3
 Cause Fear               Hex            2%         N/A       98%         4

Inventory:

Hand Weapons
 Y - a +1 sling (weapon)
Armour
 g - a +0 ring mail (worn)
Scrolls
 a - a scroll of brand weapon {unknown}
 b - a scroll of teleportation {unknown}
Potions
 j - a potion of cancellation {unknown}
 k - a potion of curing {unknown}
 l - a potion of berserk rage {unknown}

Dungeon Overview and Level Annotations

Branches:
Dungeon (2/15)

Altars:


Message History

The phantom closely misses you.
You shoot a sling bullet. The sling bullet hits the phantom.
The phantom is moderately damaged.
The phantom closely misses you. The phantom hits you.
The phantom blinks!
You blink.
Enter note:
Enter note:
Enter note:
Enter note:
Enter note:
Enter note: You shoot a sling bullet.
The sling bullet closely misses the phantom.
The phantom hits you.
The phantom blinks!
You blink.
You shoot a sling bullet.
The sling bullet closely misses the phantom.
The phantom misses you.
You shoot a sling bullet.
The sling bullet closely misses the phantom.
The phantom closely misses you. You furiously retaliate!
You headbutt the phantom! The phantom barely misses you.
You shoot a sling bullet. The sling bullet misses the phantom.
The phantom closely misses you.
You shoot a sling bullet. The sling bullet misses the phantom.
The phantom hits you!
You shoot a sling bullet.
The sling bullet hits the phantom but does no damage.
The phantom is heavily damaged.
The phantom hits you. x2; The phantom blinks!
You blink.
You shoot a sling bullet.
The sling bullet hits the phantom but does no damage.
The phantom is heavily damaged.
The phantom hits you.
The phantom blinks!
You blink.
You shoot a sling bullet. The sling bullet hits the phantom.
The phantom is heavily damaged.
The phantom hits you.
The phantom blinks!
You blink.
You shoot a sling bullet.
The sling bullet barely misses the phantom.
The phantom barely misses you. The phantom hits you.
You die...

. ##...# # #. #####....# #.
##.....##.# #.# # #..######.#
#..###.# #¤##......# # #...#.#
#.##...)>.###### #. ##....#
##.##...........#
..###.##...#####..##.....##.....
...............@....)...........
..#####.##.#..#W...#...........%
########.##.##.#....#.....#......
........¤##.##..¤...#.....##.....
......#####.###.....#######:.....
...... ###.###.....# #......
..|... #...........# #......
>..... #......#....# ##.....
...... #......#....# ##...#


You could see a phantom.

Vanquished Creatures
  Natasha (D:2)
  An adder (D:2)
  A dart slug (D:2)
  4 ball pythons (D:1)
  2 giant cockroaches
  A goblin (D:2)
  6 hobgoblins
  3 jackals (D:1)
  2 quokkas
  A bat (D:2)
  2 frilled lizards (D:1)
  3 kobolds
  2 rats (D:2)
29 creatures vanquished.

Notes
Turn   | Place    | Note
-------+----------+-------------------------------------------
     0 | D:1      | qw the Minotaur Hexslinger began the quest for the Orb.
     0 | D:1      | Reached XP level 1. HP: 16/16 MP: 1/1
     0 | D:1      | 0 ||| qw: Version: 0.3-a-51-g015441d
     0 | D:1      | 0 ||| qw: Game counter: 3811
     0 | D:1      | 0 ||| qw: Melee chars always use a shield: true
     0 | D:1      | 0 ||| qw: God list: Okawaru
     0 | D:1      | 0 ||| qw: Allow faded altars: false
     0 | D:1      | 0 ||| qw: Do Orc after clearing Dungeon:15 true
     0 | D:1      | 0 ||| qw: Do second Lair branch before Depths: true
     0 | D:1      | 0 ||| qw: Lair rune preference: random
     0 | D:1      | 0 ||| qw: Goals: Normal
     0 | D:1      | 0 ||| PLANNING D:1-11
   210 | D:1      | Reached skill level 3 in Ranged Weapons
   210 | D:1      | Reached XP level 2. HP: 9/23 MP: 2/2
   646 | D:1      | 646 ||| UPGRADING to +0 ring mail.
   656 | D:1      | 656 ||| DROPPING +0 robe.
   657 | D:1      | 657 ||| READING scroll labelled FATADEHELA.
   658 | D:1      | 658 ||| READING scroll labelled HASURY COVONK.
   659 | D:1      | 659 ||| READING scroll labelled ESOEH MANEDWUA.
   660 | D:1      | 660 ||| READING scroll labelled SETZENL FOERI.
   703 | D:1      | 703 ||| READING scroll labelled CINIQAROSI.
   704 | D:1      | 704 ||| DROPPING scroll of poison.
   753 | D:2      | Noticed Natasha
   759 | D:2      | Killed Natasha
   760 | D:2      | Reached XP level 3. HP: 22/29 MP: 3/3
   819 | D:2      | Reached skill level 4 in Ranged Weapons
   906 | D:2      | 906 ||| FLEEEEING.
   907 | D:2      | 907 ||| FLEEEEING.
   935 | D:2      | Reached skill level 1 in Armour
  1169 | D:2      | Reached XP level 4. HP: 34/36 MP: 4/4
  1200 | D:2      | Noticed a phantom
  1216 | D:2      | HP: 9/36 [phantom (4)]
  1217 | D:2      | HP: 4/36 [phantom (5)]
  1218 | D:2      | HP: 1/36 [phantom (4)]
  1219 | D:2      | Slain by a phantom

Levels and vault maps discovered:
D:1:      lightli_arrival_statuegarden, layout_loops_ring, minmay_cupped
D:2:      layout_rooms, uniq_natasha

Skill      XL: |  1  2  3 |
---------------+----------+-----
Ranged Weapons | 3 4 |  4.3
Fighting       | 2 |  2.0
Armour         | 1 |  1.0
Dodging        | |  2.1
Spellcasting   | |  1.0
Hexes          | |  2.0

Action                     |  1- 3 |  4- 6 || total
---------------------------+-------+-------++-------
   Fire: Sling             |    90 |    16 ||   106
    Use: Scroll            |     5 |       ||     5
 Armour: Robe              |     4 |       ||     4
         Ring mail         |     6 |     2 ||     8
  Dodge: Dodged            |    29 |     8 ||    37

Table legend:
 A = Non-vault XP
 B = Vault XP
 C = Vault XP percentage of total XP
 D = Non-vault monster count
 E = Vault monster count
 F = Vault count percentage of total count
                 A         B        C        D         E       F
            +---------+---------+-------+---------+---------+-------
      Total |      55 |      42 |  43.3 |      24 |       5 |  17.2
            +---------+---------+-------+---------+---------+-------
        D:1 |      15 |       7 |  31.8 |       9 |       4 |  30.8
        D:2 |      40 |      35 |  46.7 |      15 |       1 |   6.2
            +---------+---------+-------+---------+---------+-------
